AoeStats
← Guazamayete

Black Forest

509956170Analyzed
4v4 RM · 4d ago on Sep 28, 2026· 46m 56s· 8 players
Game mode
Random Map
Map size
Large (8 player)
Population
200
Speed
Normal
Resources
Standard
Victory
Conquest
Starting age
Dark Age
Ending age
Imperial Age
RankedLock teamsTeams togetherTeam positionsShared explorationLock speedFull tech treeHidden civsTurbo modeCheats
Victory
Defeat
🇹🇷 Teutons · Türkiye
1002
+9
🇳🇱 Teutons · Netherlands
942
+11
🇵🇪 Saracens · Peru
929
+11
🇩🇪 Bohemians · Germany
817
+15
🇨🇴 Huns · Colombia
862
-13
🇪🇸 Tatars · Spain
840
-25
🇺🇸 Khmer · United States
839
-12
🇪🇨 Spanish · Ecuador
760
-9
estebanlozanop
0:26 Loom
11:43 Feudal Age
12:42 Double-Bit Axe
18:13 Castle Age
28:32 Horse Collar
31:08 Wheelbarrow
33:17 Imperial Age
33:17 Forging
33:30 Hand Cart
33:25 Caravan
33:20 Elite Tarkan
34:22 Conscription
34:09 Scale Barding Armor
33:59 Fishing Lines
34:59 Bow Saw
36:06 Chain Barding Armor
36:15 Marauders
37:30 Plate Barding Armor
37:01 Husbandry
37:21 Bloodlines
37:18 Cavalier
38:36 Iron Casting
39:07 Two-Man Saw
38:10 Heavy Plow
38:02 Gold Mining
38:48 Coinage
38:59 Thumb Ring
38:22 Paladin
38:50 Elite Skirmisher
41:13 Blast Furnace
40:06 Fletching
41:41 Padded Archer Armor
44:32 Bodkin Arrow
CROOKED HILLARY
0:29 Loom
15:53 Feudal Age
17:11 Wheelbarrow
16:22 Horse Collar
16:28 Double-Bit Axe
16:30 Fishing Lines
17:50 Stone Mining
17:52 Gold Mining
23:57 Castle Age
24:59 Heavy Plow
25:17 Bow Saw
25:26 Hand Cart
27:49 Gold Shaft Mining
27:54 Stone Shaft Mining
28:24 Caravan
29:47 Gillnets
33:07 Fortified Wall
33:18 Ballistics
32:55 Murder Holes
34:58 Forging
34:39 Fletching
34:50 Padded Archer Armor
34:50 Scale Mail Armor
34:56 Scale Barding Armor
34:14 Light Cavalry
35:05 Bloodlines
34:55 Husbandry
37:40 Iron Casting
37:03 Bodkin Arrow
37:23 Leather Archer Armor
37:23 Masonry
42:57 Imperial Age
40:13 Town Watch
40:53 Chain Barding Armor
40:48 Chain Mail Armor
44:04 Conscription
43:45 Double Crossbow
43:25 Elite Ballista Elephant
45:24 Blast Furnace
44:25 Hussar
46:05 Plate Barding Armor
Guazamayete
2:19 Loom
13:28 Feudal Age
19:58 Castle Age
18:41 Double-Bit Axe
21:55 Bow Saw
23:40 Horse Collar
26:18 Forging
26:01 Fletching
28:02 Fishing Lines
28:43 Gold Mining
29:45 Iron Casting
35:40 Imperial Age
32:58 Light Cavalry
33:49 Bloodlines
33:40 Husbandry
33:40 Bodkin Arrow
33:51 Scale Barding Armor
33:47 Scale Mail Armor
33:48 Padded Archer Armor
33:41 Stone Mining
34:16 Ballistics
33:52 Murder Holes
34:08 Masonry
33:54 Gillnets
33:46 Pikeman
34:26 Squires
35:18 Thumb Ring
34:35 Elite Skirmisher
37:22 Chemistry
37:25 Wheelbarrow
36:46 Town Watch
37:16 Caravan
36:46 Hussar
39:20 Hand Cart
39:06 Town Patrol
39:42 Architecture
39:26 Fortified Wall
40:20 Blast Furnace
39:40 Chain Barding Armor
39:21 Bracer
39:36 Leather Archer Armor
39:37 Chain Mail Armor
39:47 Elite Conquistador
41:09 Hoardings
40:13 Cavalier
apastrana89
16:16 Feudal Age
16:46 Horse Collar
16:56 Double-Bit Axe
26:31 Castle Age
28:46 Caravan
30:47 Wheelbarrow
30:52 Stone Mining
31:21 Pikeman
34:31 Scale Barding Armor
36:18 Chain Barding Armor
38:41 Imperial Age
38:09 Forging
38:17 Bow Saw
38:13 Heavy Plow
39:06 Hand Cart
39:26 Onager
39:36 Heavy Camel Rider
Pxsli ツ
8:59 Loom
12:54 Feudal Age
16:37 Town Watch
16:36 Horse Collar
16:45 Double-Bit Axe
25:30 Castle Age
25:44 Castle Age
25:28 Wheelbarrow
25:18 Fletching
25:39 Forging
25:29 Scale Mail Armor
25:30 Padded Archer Armor
26:26 Pikeman
27:07 Squires
27:29 Heavy Plow
27:41 Bow Saw
27:57 Arson
30:13 Iron Casting
29:55 Chain Mail Armor
36:04 Imperial Age
34:02 Ballistics
35:08 Caravan
35:38 Coinage
35:09 Bodkin Arrow
37:59 Chemistry
38:18 Wagenburg Tactics
38:45 Conscription
40:10 Blast Furnace
39:28 Leather Archer Armor
39:49 Hand Cart
40:50 Two-Man Saw
39:48 Halberdier
41:05 Siege Engineers
41:46 Town Patrol
45:21 Houfnice
taisho84
14:49 Feudal Age
15:17 Double-Bit Axe
20:29 Castle Age
18:15 Horse Collar
18:37 Stone Mining
21:46 Bow Saw
23:31 Heavy Plow
24:51 Loom
32:26 Imperial Age
29:51 Fletching
30:23 Ballistics
29:57 Fishing Lines
31:05 Gold Mining
31:28 Masonry
31:30 Fortified Wall
31:17 Bodkin Arrow
31:23 Scale Mail Armor
30:46 Pikeman
32:56 Forging
33:03 Chain Mail Armor
34:09 Two-Man Saw
33:41 Crop Rotation
33:36 Crenellations
34:23 Chemistry
33:15 Arrowslits
34:34 Wheelbarrow
35:20 Conscription
34:23 Halberdier
36:02 Plate Mail Armor
36:07 Iron Casting
35:33 Capped Ram
36:18 Squires
37:07 Hoardings
36:53 Hand Cart
39:24 Caravan
39:21 Elite Skirmisher
41:43 Elite Teutonic Knight
42:35 Arson
47:20 Coinage
47:00 Siege Engineers
47:57 Blast Furnace
46:57 Padded Archer Armor
47:47 Ironclad
Chuky Ⓤ
0:27 Loom
18:20 Feudal Age
18:42 Horse Collar
18:51 Double-Bit Axe
25:13 Castle Age
23:26 Stone Mining
23:42 Gold Mining
25:48 Town Watch
26:39 Wheelbarrow
28:31 Caravan
28:53 Bow Saw
28:46 Heavy Plow
35:15 Hand Cart
38:41 Imperial Age
36:50 Ballistics
36:27 Murder Holes
37:15 Gold Shaft Mining
36:59 Town Patrol
38:47 Forging
38:37 Padded Archer Armor
38:28 Fletching
38:38 Scale Mail Armor
38:43 Scale Barding Armor
40:23 Iron Casting
39:38 Elite Mameluke
40:42 Conscription
40:58 Hoardings
41:10 Bodkin Arrow
41:31 Leather Archer Armor
42:10 Chain Mail Armor
46:03 Blast Furnace
45:34 Ring Archer Armor
45:04 Bracer
46:39 Plate Mail Armor
46:29 Chain Barding Armor
46:32 Masonry
46:28 Siege Engineers
46:46 Husbandry
46:56 Bloodlines
☾★Ertugrul☾★
1:03 Loom
13:15 Feudal Age
18:11 Castle Age
18:07 Double-Bit Axe
20:37 Horse Collar
22:07 Wheelbarrow
23:05 Bow Saw
25:39 Heavy Plow
27:01 Hand Cart
26:34 Town Watch
30:49 Imperial Age
29:35 Caravan
31:23 Onager
34:27 Gold Mining
35:30 Scale Barding Armor
35:37 Forging
35:27 Scale Mail Armor
35:19 Fletching
35:29 Padded Archer Armor
38:18 Two-Man Saw
37:17 Pikeman
40:28 Halberdier
42:50 Chemistry
42:11 Ballistics
41:40 Elite Teutonic Knight
42:41 Conscription
45:27 Iron Casting
45:08 Chain Mail Armor
Connection lost

Rejoining the realm…

Still unreachable

The connection could not be restored.

Session expired

The server has moved on; the page needs a fresh start.